 Dungeon Crawl Stone Soup version 0.29-a0-397-g846e4a0bbc (webtiles) character file.

Game seed: 6673310973769568765

10481 freelancePsychic the Scribe (level 11, -6/93 (99) HPs)
             Began as a Hill Orc Conjurer on May 11, 2022.
             Was a Priest of Sif Muna.
             Mangled by a minotaur
             ... wielding a +2 broad axe of flaming
              (29 damage)
             ... in a Gauntlet.
             The game lasted 00:28:03 (12436 turns).

freelancePsychic the Scribe (Hill Orc Conjurer)    Turns: 12436, Time: 00:28:03

HP:   -6/93 (99)    AC: 20    Str: 11    XL:     11   Next: 62%
MP:   4/19          EV: 10    Int: 22    God:    Sif Muna [***...]
Gold: 196           SH:  4    Dex:  9    Spells: 8/14 levels left

rFire   + . .      SeeInvis +   s - +7 dagger "Toasigh" {holy, +Blink rF+ Will+++ Stlth-}
rCold   . . .      Faith    .   x - +0 buckler
rNeg    . . .      Spirit   .   A - +1 acid dragon scales
rPois   +          Reflect  .   (no helmet)
rElec   +          Harm     .   j - +1 cloak
rCorr   +          Rampage  +   z - +2 pair of gloves {infuse}
Will    ++++.      NoTele   +   r - +1 pair of boots {rampage}
Stlth   ..........              d - amulet of regeneration
HPRegen 1.05/turn               D - ring of the Jester {Wiz Drain rElec rPois SInv}
MPRegen 0.16/turn               n - +4 ring of protection

@: brilliant, drained
A: strong-willed 1
a: Renounce Religion, Evoke Blink, Channel Magic, Forget Spell


You were in a Gauntlet.
You worshipped Sif Muna.
Sif Muna was most pleased with you.
You visited 2 branches of the dungeon, and saw 11 of its levels.
You also visited: Bailey and Gauntlet.

You collected 776 gold pieces.
You spent 580 gold pieces at shops.

Inventory:

Hand Weapons
 b - the +6 arbalest "Damnation" {damnation}
   (You took it off a spriggan in a bailey)

   Any ammunition fired from it explodes in a burst of damnation on striking a
   foe, dealing damage which bypasses armour.
 s - the +7 dagger "Toasigh" (weapon) {holy, +Blink rF+ Will+++ Stlth-}
   (You found it on level 6 of the Dungeon)

   It has been blessed by the Shining One to cause great damage to the undead
   and demons.
   rF:        It protects you from fire.
   +Blink:    It lets you blink.
   Will:      It greatly increases your willpower.
   Stlth:     It makes you less stealthy.
Missiles
 e - 2 curare-tipped darts
Armour
 j - a +1 cloak (worn)
 o - a +2 ring mail of poison resistance
 r - a +1 pair of boots of rampaging (worn)
 x - a +0 buckler (worn)
 y - the +0 ring mail "Mycouf" {rPois rC++ Dex-3}
   (You bought it in a shop on level 9 of the Dungeon)

   Dex:       It affects your dexterity (-3).
   rC:        It greatly protects you from cold.
   rPois:     It protects you from poison.
 z - a +2 pair of gloves of infusion (worn)
 A - +1 acid dragon scales (worn)
Jewellery
 a - a ring of see invisible
 d - an amulet of regeneration (around neck)
 g - a +4 ring of slaying
 n - a +4 ring of protection (right hand)
 D - the ring of the Jester (left hand) {Wiz Drain rElec rPois SInv}
   (You found it in a Gauntlet)

   [ring of wizardry]

   It improves your spell success rate.
   rElec:     It insulates you from electricity.
   rPois:     It protects you from poison.
   SInv:      It lets you see invisible.
   Drain:     It drains your maximum health when unequipped.
Wands
 C - a wand of iceblast (6)
 E - a wand of flame (8)
Scrolls
 f - 2 scrolls of fear
 h - 2 scrolls of teleportation {@r4}
 k - a scroll of poison
 q - 3 scrolls of fog
 B - 2 scrolls of enchant weapon
Potions
 i - 5 potions of lignification
 l - a potion of mutation
 m - 2 potions of might {unknown}
 p - a potion of cancellation
 t - 2 potions of flight {unknown}
 u - a potion of attraction {unknown}
 w - a potion of magic


   Skills:
 + Level 10.0 Fighting
 - Level 6.0 Armour
 - Level 1.5 Dodging
 - Level 1.5 Stealth
 - Level 5.0 Shields
 - Level 2.0 Spellcasting
 + Level 9.6 Conjurations
 + Level 7.3 Hexes
 + Level 10.8 Invocations


You had 8 spell levels left.
You knew the following spells:

 Your Spells              Type           Power      Damage    Failure   Level
b - Searing Ray           Conj           100%       2d8       1%          2
d - Fulminant Prism       Conj/Hex       28%        3d14      3%          4

Your spell library contained the following spells:

 Spells                   Type           Power      Damage    Failure   Level
 Magic Dart               Conj           100%       1d8       1%          1
 Dazzling Flash           Conj/Hex       100%       N/A       1%          3
 Cause Fear               Hex            25%        N/A       5%          4
 Inner Flame              Hex/Fire       27%        N/A       7%          3
 Portal Projectile        Hex/Tloc       54%        N/A       7%          3
 Mephitic Cloud           Conj/Pois/Air  24%        N/A       9%          3
 Animate Skeleton         Necr           6%         N/A       11%         1
 Apportation              Tloc           6%         N/A       11%         1
 Summon Small Mammal      Summ           12%        N/A       11%         1
 Call Imp                 Summ           3%         N/A       16%         2
 Iskenderun's Mystic Bla  Conj/Tloc      35%        2d8       16%         4
 Leda's Liquefaction      Hex/Erth       13%        N/A       22%         4
 Call Canine Familiar     Summ           3%         N/A       30%         3
 Summon Lightning Spire   Summ/Air       3%         N/A       67%         4
 Storm Form               Tmut/Air       1%         N/A       100%        7
 Discord                  Hex            25%        N/A       100%        8
 Maxwell's Capacitive Co  Air            1%         ∞         100%        8


Dungeon Overview and Level Annotations

Branches:
Dungeon (10/15)            Temple (0/1) D:4            Lair (1/6) D:9
 Bailey (visited)         Gauntlet (1/1)
    Orc: D:9-12

Altars:
Cheibriados
Elyvilon
Fedhas
Gozag
Hepliaklqana
Kikubaaqudgha
Makhleb
Nemelex Xobeh
Qazlal
Ru
Sif Muna
Trog
Zin

Shops:
D:1 [**   D:9 [

Annotations:
Gauntlet 6 transporters


Innate Abilities, Weirdness & Mutations

You are strong-willed. (Will+)


Message History

You feel a surge of power!
You conjure a prism of explosive energy!
A fulminant prism comes into view.
The minotaur hits you with a +2 broad axe of flaming!
The minotaur gores you!
* * * LOW HITPOINT WARNING * * *
You feel much better. The minotaur closely misses you.
You block the minotaur's attack.
Your fulminant prism crackles loudly.
The minotaur blocks your attack.
The minotaur is almost dead.
The minotaur hits you but does no damage.
The minotaur gores you!
Your fulminant prism explodes!
The blast of energy engulfs the minotaur.
The minotaur is almost dead.
Casting: Fulminant Prism (dangerous; 3% risk of failure)
Confirm with . or Enter, or press ? or * to list all spells.
Aiming: Fulminant Prism (dangerous; 3% risk of failure)
Press: ? - help, Dir - move target You feel a surge of power!
You conjure a prism of explosive energy!
A fulminant prism comes into view.
The minotaur hits you but does no damage.
You block the minotaur's attack.
You hit the minotaur.
The minotaur is almost dead.
The minotaur closely misses you. The minotaur gores you!
* * * LOW HITPOINT WARNING * * *
Your fulminant prism crackles loudly.
Casting: Fulminant Prism (dangerous; 3% risk of failure)
Confirm with . or Enter, or press ? or * to list all spells.
Aiming: Searing Ray (safe; 1% risk of failure)
Press: ? - help, Shift-Dir - straight line You feel a surge of power!
The searing ray hits the minotaur but does no damage.
The minotaur is almost dead. (Press . to maintain the ray.)
The minotaur hits you with a +2 broad axe of flaming!!
You die...

#≈8≈#..#"≈.≈≈.
########...#..#©..≈..
#........8.#..#...≈≈.
##.##.###...#..#≈.≈..≈
#8........8.#..#.≈≈≈..
#.....#.#...#..#2...≈≈
#######.#.#...#..#######
}8}8.8#...#.©.#≈........
......H@###...#∩........
[8[8*8#...#.©.#≈........
#######.#.#...#..#######
#.....#.#...#..#YY.Y..
#8........8.#..#Y##p##
##.##.###...#..#(.#...
#........8.#..#!.##Y#
########...#..#©..#Y.
#≈8≈#..#.#.##.


You could see a minotaur (ally target) and a friendly fulminant prism.

Vanquished Creatures
  2 two-headed ogres
  Nergalle (D:10)
  A cyclops (D:10)
  Joseph (D:7)
  3 komodo dragons (Lair:1)
  2 rime drakes
  A kobold demonologist (D:9)
  3 trolls
  A vampire (D:10)
  6 spriggans (Bailey)
  2 wyverns
  A steam dragon (Bailey)
  2 wargs
  2 ice beasts (D:7)
  2 sky beasts
  3 orc warriors
  11 ogres
  5 centaurs
  A phantom (D:6)
  2 kobold brigands
  Blork the orc (D:6)
  3 bullfrogs
  3 necrophages
  2 scorpions
  5 wights (D:8)
  3 killer bees (D:10)
  6 howler monkeys
  2 hounds (D:5)
  A gnoll shaman (D:10)
  5 orc priests
  2 iguanas
  9 orc wizards
  7 gnolls
  7 adders
  A shadow imp (D:8)
  2 white imps
  2 ufetubi
  A worm (D:4)
  2 dart slugs
  25 orcs
  6 endoplasms
  3 giant cockroaches
  10 goblins
  10 hobgoblins
  7 jackals
  14 kobolds
  5 quokkas
  6 ball pythons
  5 bats
  4 frilled lizards
211 creatures vanquished.

Vanquished Creatures (others)
  14 demonic plants (Gauntlet)
  20 fulminant prisms
  14 plants
48 creatures vanquished.

Grand Total: 259 creatures vanquished

Notes
Turn   | Place    | Note
-------+----------+-------------------------------------------
     0 | D:1      | freelancePsychic the Hill Orc Conjurer began the quest for
                  | the Orb.
     0 | D:1      | Reached XP level 1. HP: 14/14 MP: 3/3
    17 | D:1      | Found Zuse's Armour Boutique.
    74 | D:1      | Found Fyjisch's Assorted Antiques.
   285 | D:1      | Reached XP level 2. HP: 22/22 MP: 2/4
   388 | D:1      | Reached skill level 1 in Fighting
   526 | D:1      | Found Amijiw's Assorted Antiques.
   531 | D:1      | Bought a scroll labelled IXEGE CEDEDUJO for 17 gold pieces
   653 | D:1      | Learned a level 2 spell: Searing Ray
  1316 | D:1      | Bought a scroll labelled CYQYMP UNTUXE for 17 gold pieces
  1316 | D:1      | Bought a scroll labelled FATWIO YFFONN for 17 gold pieces
  1615 | D:2      | Reached XP level 3. HP: 21/28 MP: 2/6
  1825 | D:2      | Found a shimmering blue altar of Sif Muna.
  1842 | D:2      | Became a worshipper of Sif Muna the Loreminder
  2141 | D:1      | Bought a scroll labelled HEFUICRAUBO for 23 gold pieces
  2161 | D:3      | Reached skill level 1 in Invocations
  2587 | D:3      | Reached XP level 4. HP: 29/36 MP: 3/7
  3033 | D:3      | Gained mutation: You are strong-willed. (Will+) [potion of
                  | mutation]
  3042 | D:3      | Reached XP level 5. HP: 8/45 MP: 1/8
  3676 | D:3      | Reached * piety under Sif Muna
  4008 | D:4      | Found a bloodstained altar of Trog.
  4207 | D:1      | Bought a pair of glowing boots for 127 gold pieces
  4535 | D:4      | Reached skill level 5 in Conjurations
  4668 | D:4      | Reached skill level 1 in Armour
  4668 | D:4      | Reached XP level 6. HP: 51/51 MP: 1/9
  4745 | D:4      | Found a white marble altar of Elyvilon.
  4767 | D:4      | Found a staircase to the Ecumenical Temple.
  5301 | D:5      | Entered Level 5 of the Dungeon
  5613 | D:5      | Reached XP level 7. HP: 56/59 MP: 6/10
  5879 | D:5      | Found a snail-covered altar of Cheibriados.
  6064 | D:5      | Found an ancient bone altar of Kikubaaqudgha.
  6064 | D:5      | Found an opulent altar of Gozag.
  6106 | D:5      | Reached skill level 5 in Invocations
  6255 | D:6      | Reached skill level 1 in Hexes
  6309 | D:6      | Reached skill level 5 in Fighting
  6312 | D:6      | Reached XP level 8. HP: 61/68 MP: 5/11
  6318 | D:6      | Reached ** piety under Sif Muna
  6473 | D:6      | Noticed Blork the orc
  6557 | D:6      | Killed Blork the orc
  6733 | D:6      | Found a sacrificial altar of Ru.
  6733 | D:6      | Identified the +7 dagger "Toasigh" {holy, +Blink rF+
                  | Will+++ Stlth-}
  6894 | D:6      | Found a stormy altar of Qazlal.
  6895 | D:6      | Noticed an air elemental
  6895 | D:6      | Noticed a water elemental
  6922 | D:6      | You fall into a shaft and drop 1 floor!
  7135 | D:7      | Noticed Joseph
  7845 | D:6      | Learned a level 4 spell: Fulminant Prism
  8169 | D:7      | Killed Joseph
  8170 | D:7      | Reached skill level 5 in Armour
  8170 | D:7      | Reached XP level 9. HP: 64/78 MP: 9/14
  8649 | D:7      | Found a hazy altar of Hepliaklqana.
  8666 | D:7      | Found a glowing silver altar of Zin.
  9060 | D:8      | Found a sparkling altar of Nemelex Xobeh.
  9276 | D:8      | Reached *** piety under Sif Muna
  9886 | D:8      | Reached skill level 1 in Shields
  9925 | D:9      | Noticed a kobold demonologist
  9928 | D:9      | Noticed an ice devil
  9931 | D:9      | Noticed a hellwing
  9932 | D:9      | Killed a kobold demonologist
  9933 | D:9      | Reached skill level 5 in Hexes
  9933 | D:9      | Reached XP level 10. HP: 55/88 MP: 7/16
 10000 | D:9      | Found a burning altar of Makhleb.
 10112 | D:9      | Found Mut Pefer's Antique Armour Boutique.
 10120 | D:9      | Bought a faintly humming ring mail for 207 gold pieces
 10120 | D:9      | Identified the +0 ring mail "Mycouf" {rPois rC++ Dex-3}
                  | (You bought it in a shop on level 9 of the Dungeon)
 10120 | D:9      | Bought a pair of runed gloves for 172 gold pieces
 10186 | D:9      | Noticed a two-headed ogre
 10211 | D:9      | Killed a two-headed ogre
 10223 | D:9      | Noticed a tengu warrior
 10427 | D:10     | Entered Level 10 of the Dungeon
 10616 | D:10     | Noticed a cyclops
 10637 | D:10     | Killed a cyclops
 10662 | D:10     | Found a blossoming altar of Fedhas.
 10729 | D:10     | Noticed Nergalle
 10748 | D:10     | Killed Nergalle
 11010 | D:10     | Found a flagged portal.
 11018 | Bailey   | Entered a bailey
 11039 | Bailey   | Reached XP level 11. HP: 97/97 MP: 14/18
 11090 | Bailey   | Reached skill level 10 in Invocations
 11229 | Bailey   | Reached skill level 5 in Shields
 11325 | Bailey   | Noticed a two-headed ogre
 11339 | Bailey   | Killed a two-headed ogre
 11765 | D:10     | Noticed a deep elf pyromancer
 11797 | D:9      | Found a staircase to the Lair.
 11803 | Lair:1   | Entered Level 1 of the Lair of Beasts
 11929 | Lair:1   | Reached skill level 10 in Fighting
 11942 | Lair:1   | Found a gate leading to a gauntlet.
 11962 | Gauntlet | Entered a Gauntlet
 11962 | Gauntlet | Noticed a moth of wrath
 11962 | Gauntlet | Found a transporter.
 11962 | Gauntlet | Found a transporter.
 11962 | Gauntlet | Found a transporter.
 11966 | Gauntlet | Noticed a sixfirhy
 12016 | Gauntlet | Found a transporter.
 12017 | Gauntlet | Found a transporter.
 12020 | Gauntlet | Noticed a soul eater
 12031 | Gauntlet | Found a transporter.
 12032 | Gauntlet | Found a transporter.
 12039 | Gauntlet | Noticed a necromancer
 12039 | Gauntlet | Noticed a green death
 12040 | Gauntlet | Noticed a death yak
 12040 | Gauntlet | Noticed a death yak
 12041 | Gauntlet | Found a transporter.
 12041 | Gauntlet | Noticed a death yak
 12041 | Gauntlet | Noticed a death yak
 12042 | Gauntlet | Noticed a death yak
 12046 | Gauntlet | Found a transporter.
 12065 | Gauntlet | Found a transporter.
 12069 | Gauntlet | Found a transporter.
 12079 | Gauntlet | Found a transporter.
 12304 | Gauntlet | Identified the ring of the Jester {Wiz Drain rElec rPois
                  | SInv}
 12420 | Gauntlet | Noticed a minotaur
 12436 | Gauntlet | Mangled by a minotaur

Illustrated notes

Levels and vault maps discovered:
D:1:      shiori_arrival_oz, layout_basic, serial_shops, shop,
          nicolae_shop_trees, shop, hangedman_feature_mirror
D:2:      layout_rooms, basic_altar, lightli_corner_chamber
D:3:      layout_basic, minmay_goblin_kobold_house
D:4:      layout_basic, elyvilon_altar_1, bloody_trog,
          minmay_temple_entry_junction_2, chequers_big_river,
          grunt_decor_arrowhead
D:5:      layout_cave_pools, gammafunk_temple_overflow_statue,
          mainiacjoe_overflow_paths
D:6:      layout_basic, amcnicky_altar_gilded, nicolae_qazlal_style_of_elements,
          uniq_blork_the_orc
D:7:      layout_basic, mainiacjoe_overflow_large_starburst, uniq_joseph
D:8:      layout_loops_ring, kennysheep_mini_moat
D:9:      layout_rooms, mainiacjoe_overflow_alcove_1, erik_lair_orcish_takeover,
          serial_shops, nicolae_shop_behind_doors
D:10:     layout_grid_maze, mainiacjoe_overflow_cross_hatched,
          marbit_many_paths, enter_bailey_3, st_stairs_4, uniq_nergalle
Lair:1:   layout_roguey, gauntlet_entry_generic, minmay_lair_oklob_items,
          infiniplex_staircase_pool_2
Gauntlet: gammafunk_gauntlet_hard_choice [gammafunk_gauntlet_arena_arrow_garden,
          gammafunk_gauntlet_arena_open, gammafunk_gauntlet_arena_chambers,
          gammafunk_gauntlet_arena_split_diamond,
          nicolae_gauntlet_arena_grate_2, nicolae_gauntlet_arena_flowing_pool,
          nicolae_gauntlet_exit_dead_adventurers]

Skill      XL: |  1  2  3  4  5  6  7  8  9 10 11 |
---------------+----------------------------------+-----
Fighting       | 1 2 3 4 5 6 7 9 10 | 10.0
Spellcasting   | 2 |  2.0
Invocations    | 1 2 3 4 5 6 8 9 10 | 10.8
Conjurations   | 5 6 7 8 9 |  9.6
Armour         | 1 2 3 5 6 |  6.0
Hexes          | 1 3 5 6 7 |  7.3
Shields        | 1 4 5 |  5.0
Dodging        | |  1.5
Stealth        | |  1.5

Action                   |  1- 3 |  4- 6 |  7- 9 | 10-12 || total
-------------------------+-------+-------+-------+-------++-------
Melee: Unarmed           |     8 |       |       |       ||     8
       Dagger            |    16 |    16 |    66 |   105 ||   203
       Punch             |     1 |       |       |       ||     1
       Spear             |       |    22 |    16 |       ||    38
       Trident           |       |       |     7 |       ||     7
Throw: Dart              |       |     1 |     6 |     6 ||    13
       Throwing net      |       |       |     1 |       ||     1
 Cast: Magic Dart        |    22 |       |       |       ||    22
       Searing Ray       |    16 |    29 |    52 |    45 ||   142
       Fulminant Prism   |       |       |       |    21 ||    21
Invok: Channel Magic     |       |       |     2 |     5 ||     7
Evoke: Wand              |       |       |     2 |    15 ||    17
  Use: Scroll            |     7 |     1 |     2 |     8 ||    18
       Potion            |     1 |     4 |       |     4 ||     9
Armor: Robe              |    15 |     5 |       |       ||    20
       Ring mail         |       |    14 |   126 |   145 ||   285
       Skin              |       |       |     2 |       ||     2
       Acid dragon scale |       |       |       |     4 ||     4
Dodge: Dodged            |    25 |    32 |   115 |   149 ||   321
Block: Buckler           |       |       |       |    58 ||    58

Table legend: (Time is in decaauts)
 A = Elapsed time spent in this place.
 B = Non-inter-level travel time spent in this place.
 C = Inter-level travel time spent in this place.
 D = Time resting spent in this place.
 E = Time spent auto-exploring this place.
 F = Levels seen in this place.
 G = Mean time per level.
                   A        B        C        D        E       F      G
               +--------+--------+--------+--------+--------+-----+--------+
         Total |  12505 |  11920 |    585 |    965 |   8750 |  13 |  961.9 |
       Dungeon |  11323 |  10738 |    585 |    832 |   8195 |  10 | 1132.3 |
          Lair |    166 |    166 |      0 |     14 |      0 |   1 |  166.0 |
        Bailey |    543 |    543 |      0 |      9 |    350 |   1 |  543.0 |
      Gauntlet |    473 |    473 |      0 |    110 |    205 |   1 |  473.0 |
               +--------+--------+--------+--------+--------+-----+--------+

Top non-repeatable levels by time:
     D:3: 1482 daAuts
     D:1: 1388 daAuts
     D:4: 1344 daAuts
     D:6: 1204 daAuts
     D:2: 1186 daAuts
     D:7: 1183 daAuts
     D:8: 1117 daAuts
     D:5: 1045 daAuts
    D:10: 840 daAuts
  Bailey: 543 daAuts
     D:9: 529 daAuts
Gauntlet: 473 daAuts
  Lair:1: 166 daAuts
